 Dungeon Crawl Stone Soup version 0.31-a0-431-g88bdf31460 (webtiles) character file.

Game seed: 16026681957987834970

2 Flugkiller the Changeling (level 1, 0/11 HPs)
             Began as a Deep Elf Shapeshifter on July 31, 2023.
             Frozen to death by an endoplasm (5 damage)
             ... on level 1 of the Dungeon.
             The game lasted 00:00:14 (61 turns).

Flugkiller the Changeling (Deep Elf Shapeshifter)     Turns: 61, Time: 00:00:15

Health: 0/11       AC:  2    Str: 12    XL:     1   Next: 33%
Magic:  3/3        EV: 12    Int: 12    God:
Gold:   12         SH:  0    Dex: 15    Spells: 0/0 levels left

rFire   . .          .
                       - Unarmed
rCold   . . .        (no shield)
rNeg    . . .        a - +0 animal skin
rPois   .            (helmet currently unavailable)
rElec   .            (cloak currently unavailable)
rCorr   .            (gloves currently unavailable)
SInv    .            (boots currently unavailable)
Will    .....        (no amulet)
Stlth   +            (no ring)
HPRegen 0.21/turn    (no ring)
MPRegen 0.08/turn

%: no passive effects
@: beast-form
A: beast (slay +2)
a: Begin Untransformation


You were on level 1 of the Dungeon.
You were a hulking beast.
You visited 1 branch of the dungeon, and saw 1 of its levels.

You collected 12 gold pieces.

Inventory:

Armour
 a - a +0 animal skin (worn)
Talismans
 c - a beast talisman (active)
Potions
 b - a potion of lignification


   Skills:
 + Level 0.9 Fighting
 - Level 2.4 Dodging
 + Level 2.4 Unarmed Combat
 + Level 3.3 Shapeshifting


You couldn't memorise any spells.
You didn't know any spells.
Your spell library was empty.

Dungeon Overview and Level Annotations

Branches:
Dungeon (1/15) Zot: 5931

Altars:

Shops:
D:1 *


Message History

Welcome, Flugkiller the Deep Elf Shapeshifter.
The glorious Orb of Zot lies far below, as if waiting for you to find it.
Press ? for a list of commands and other information.
Found a staircase leading out of the dungeon.
You aren't carrying any scrolls.
Unknown command.
Okay, then.
You enter the shallow water.
Moving in this stuff is going to be slow.
Found 3 stones.
You see here 3 stones.
You open the door.
There is an open door here.
Found 6 stones.
Found Querphoth's General Store.
A hobgoblin comes into view.
The hobgoblin shouts!
There are no items here.
You now have 12 gold pieces.
There are no items here.
A hobgoblin is nearby!
No reachable target in view!
A ball python comes into view.
Found a stone staircase leading down.
The ball python hisses angrily.
A bat comes into view.
A goblin comes into view. It is wielding a +0 dagger.
The ball python barely misses you. The ball python closely misses you.
The ball python attacks as you move away!
The ball python bites you. The ball python closely misses you.
The ball python barely misses you. The ball python grabs you.
The ball python constricts you.
You hit the ball python but do no damage.
The ball python bites you. The ball python constricts you.
You hit the ball python.
You kill the ball python!
The goblin misses you.
You hit the goblin.
You kill the goblin!
No target in view!
You see here a ball python corpse.
You start resting.
HP restored.
The bat hits you but does no damage.
You barely miss the bat. The bat closely misses you.
An endoplasm comes into view.
The endoplasm quivers.
The bat hits you but does no damage. The bat barely misses you.
You hit the bat.
You kill the bat!
The endoplasm freezes you.
You are frozen.
You barely miss the endoplasm. The endoplasm hits you.
You are too injured to fight recklessly!
You are too injured to fight recklessly!
You hit the endoplasm.
The endoplasm is lightly wounded.
The endoplasm freezes you.
You are frozen.
You hit the endoplasm.
The endoplasm is severely wounded.
The endoplasm freezes you.
You are frozen.
You die...

#.#... #.. ..#.#..####
###..#..#.#~.~..
.......#.≈~.≈≈# .
##..#...#.≈g∩≈≈# ...
#.......#.≈≈≈≈≈#
#..#..#....# #≈≈≈.#####
#..........# #.........
#...>Jh...##.#..#.#####
##.#.#.......#.##.#
#.#....####..#.#
#.......†......#####
.........)(...#......
####.##########+###'#
.... #........ ####.
#.8.⌠⌠⌠(⌠ #........


You could see an endoplasm.

Vanquished Creatures
  A goblin (D:1)
  A ball python (D:1)
  A bat (D:1)
3 creatures vanquished.

Notes
Turn   | Place    | Note
-------+----------+-------------------------------------------
     0 | D:1      | Flugkiller the Deep Elf Shapeshifter began the quest for
                  | the Orb.
     0 | D:1      | Reached XP level 1. HP: 11/11 MP: 3/3
    21 | D:1      | Found Querphoth's General Store.
    61 | D:1      | Frozen to death by an endoplasm

Illustrated notes

Levels and vault maps discovered:
D:1:      zaba_arrival_water, layout_basic, serial_co_window_serial,
          co_window_paths_a, co_window_corner_a, co_window_of_opportunity_a,
          co_window_paths_a, co_window_paths_b, co_window_unsneaky_path_b,
          co_window_2corner, co_window_broadway_c, co_window_paths_c,
          glass_columns_a, glass_columns_a, glass_columns_c, serial_shops,
          nicolae_shop_waterfront, hex_intersection, minmay_tetromino_l4

Action                     || total
---------------------------++-------
  Melee: Unarmed           ||     8
 Armour: Animal skin       ||     2
  Dodge: Dodged            ||     7

Table legend: (Time is in decaauts)
 A = Elapsed time spent in this place.
 B = Non-inter-level travel time spent in this place.
 C = Inter-level travel time spent in this place.
 D = Time resting spent in this place.
 E = Time spent auto-exploring this place.
 F = Levels seen in this place.
 G = Mean time per level.
                   A        B        C        D        E       F      G
               +--------+--------+--------+--------+--------+-----+--------+
         Total |     67 |     67 |      0 |      5 |     26 |   1 |   67.0 |
       Dungeon |     67 |     67 |      0 |      5 |     26 |   1 |   67.0 |
               +--------+--------+--------+--------+--------+-----+--------+

Top non-repeatable levels by time:
     D:1: 67 daAuts
